AoeStats
← UncleRambo69

African Clearing

510825315Analyzed
3v3 RM · 8h ago on Oct 2, 2026· 51m 49s· 6 players
Game mode
Random Map
Map size
Normal (6 player)
Population
200
Speed
Normal
Resources
Standard
Victory
Conquest
Starting age
Dark Age
Ending age
Imperial Age
RankedLock teamsTeams togetherTeam positionsShared explorationLock speedFull tech treeHidden civsTurbo modeCheats
Victory
Defeat
🇮🇳 Huns · India
1422
+10
🇳🇿 Mongols · New Zealand
1357
+12
🇫🇷 Vietnamese · France
1253
+17
🇪🇪 Byzantines · Estonia
1322
-15
🇨🇭 Chinese · Switzerland
1282
-13
🇮🇳 Dravidians · India
1224
-11
fairoz05329
12:27 Feudal Age
13:07 Double-Bit Axe
14:20 Loom
17:31 Horse Collar
19:56 Fletching
24:44 Castle Age
23:03 Gold Mining
24:17 Padded Archer Armor
24:14 Loom
24:47 Crossbowman
28:12 Wheelbarrow
29:15 Hand Cart
31:19 Bodkin Arrow
31:36 Stone Mining
34:29 Leather Archer Armor
35:12 Stone Shaft Mining
35:42 Forging
38:45 Heavy Plow
43:20 Imperial Age
41:54 Elite Skirmisher
45:44 Imperial Skirmisher
46:29 Thumb Ring
46:36 Bracer
50:18 Chemistry
50:01 Ring Archer Armor
UncleRambo69
4:22 Loom
16:08 Feudal Age
17:22 Double-Bit Axe
21:04 Castle Age
19:15 Fletching
19:26 Padded Archer Armor
19:41 Gold Mining
22:11 Bodkin Arrow
22:44 Bow Saw
22:48 Thumb Ring
24:56 Ballistics
24:48 Husbandry
31:24 Leather Archer Armor
38:01 Wheelbarrow
37:35 Horse Collar
38:36 Town Watch
39:27 Heavy Plow
44:07 Imperial Age
43:24 Hand Cart
43:27 Town Patrol
45:16 Bloodlines
44:38 Heavy Cavalry Archer
45:44 Parthian Tactics
46:04 Bracer
47:48 Two-Man Saw
48:14 Chemistry
47:45 Conscription
46:51 Light Cavalry
48:07 Hussar
49:02 Forging
48:58 Scale Barding Armor
50:04 Gold Shaft Mining
51:00 Iron Casting
53:14 Blast Furnace
52:35 Chain Barding Armor
NewNormal
4:08 Loom
12:11 Feudal Age
12:57 Double-Bit Axe
14:46 Forging
16:36 Scale Barding Armor
21:24 Castle Age
19:27 Gold Mining
21:10 Bloodlines
22:34 Bow Saw
23:14 Wheelbarrow
27:19 Horse Collar
29:25 Chain Barding Armor
31:08 Fletching
31:52 Bodkin Arrow
32:18 Town Watch
35:27 Husbandry
39:28 Imperial Age
38:03 Padded Archer Armor
38:24 Hand Cart
39:11 Leather Archer Armor
39:35 Heavy Plow
40:12 Bracer
41:16 Chemistry
41:14 Ballistics
41:55 Conscription
42:05 Masonry
42:43 Thumb Ring
43:51 Town Patrol
43:14 Light Cavalry
44:56 Gold Shaft Mining
44:11 Stone Mining
44:59 Stone Mining
46:47 Stone Shaft Mining
46:09 Elite Mangudai
47:55 Hussar
50:00 Iron Casting
49:41 Siege Engineers
52:56 Blast Furnace
ImOneWithTheTree
3:01 Loom
13:25 Feudal Age
17:29 Castle Age
15:24 Double-Bit Axe
19:03 Squires
19:54 Horse Collar
27:07 Scale Mail Armor
27:17 Forging
28:14 Chain Mail Armor
28:38 Wheelbarrow
28:37 Arson
34:34 Ballistics
34:12 Fletching
34:22 Padded Archer Armor
37:03 Imperial Age
35:10 Fletching
35:46 Bodkin Arrow
37:42 Padded Archer Armor
38:14 Bracer
38:49 Bow Saw
39:01 Conscription
39:32 Leather Archer Armor
40:12 Heavy Scorpion
44:05 Chemistry
46:10 Rocketry
47:25 Two-Man Saw
47:52 Hand Cart
48:00 Capped Ram
Cognito I
9:48 Loom
13:26 Feudal Age
20:51 Castle Age
20:54 Pikeman
23:12 Double-Bit Axe
30:26 Fletching
31:39 Bodkin Arrow
39:02 Wheelbarrow
39:58 Bow Saw
39:57 Horse Collar
41:07 Town Watch
41:20 Gold Mining
41:33 Heavy Plow
42:09 Padded Archer Armor
42:45 Elite Skirmisher
43:43 Leather Archer Armor
44:05 Thumb Ring
45:08 Ballistics
51:53 Imperial Age
joptus
9:51 Loom
13:37 Feudal Age
14:44 Double-Bit Axe
24:39 Castle Age
23:41 Stone Mining
23:59 Horse Collar
25:19 Fletching
25:53 Elite Skirmisher
29:45 Bodkin Arrow
30:32 Crossbowman
31:34 Padded Archer Armor
34:06 Thumb Ring
42:44 Gold Mining
49:26 Imperial Age
Connection lost

Rejoining the realm…

Still unreachable

The connection could not be restored.

Session expired

The server has moved on; the page needs a fresh start.